[Event "Team 45 45 League T24"]
[Site "Internet Chess Club"]
[Date "2004.09.24"]
[Round "3"]
[White "imbak"]
[Black "jorobo"]
[Result "1-0"]
[WhiteElo "2198"]
[BlackElo "2234"]
[TimeControl "2700+45"]

1. c4 e6 2. g3 f5 3. Nc3 Nf6 4. Bg2 Be7 5. Nf3 O-O 6. O-O d6 7. d3 e5 8. Rb1 Nc6
9. b4 Qe8 10. Nd5 Bd8 11. b5 Nxd5 12. cxd5 Ne7 13. Qc2 h6 14. Qc4 Qh5 15. Bb2
Kh7 16. a4 g5 17. Rfe1 Bd7 18. a5 Be8 19. Ba3 Bf7 20. Nxe5 dxe5 21. Bxe7 Bxe7
22. Qxc7 Bd8 23. Qxe5 Bxa5 24. Rec1 Bg6 25. d6 Rae8 26. Qd5 Qxe2 27. Qxb7+ Rf7
28. d7 Rd8 29. Qxa7 Bd2 30. Bf1 Qe5 31. Rc2 Bc3 32. Qa3 Bd4 33. b6 Rfxd7 34. b7
Rb8 35. Bg2 Rc7 36. Rxc7+ Qxc7 37. Rc1 Qd7 38. Bc6 Qg7 39. Re1 Bf6 40. Qd6 Qf8
41. Qxf8 Rxf8 42. Be8 Rxe8 43. Rxe8 Bxe8 44. b8=Q {Black resigns} 1-0  


   **ANNOUNCEMENT** from ROBOadmin: *** GRANDMASTER versus GRANDMASTER!!  GM
   Anonimouse is playing GM LastKeks!  Type "follow Anonimouse" to watch the
   rated blitz 3 0 game.

[Event "Team 45 45 League T24"]
[Site "Internet Chess Club"]
[Date "2004.09.27"]
[Round "3"]
[White "Kingofknights"]
[Black "kikian"]
[Result "0-1"]
[WhiteElo "1709"]
[BlackElo "1869"]
[TimeControl "2700+45"]

1. d4 Nf6 2. c4 g6 3. Nc3 Bg7 4. e4 d6 5. Be2 O-O 6. Bg5 c5 7. d5 a6 8. Nf3
b5 9. cxb5 axb5 10. Bxb5 Nxe4 11. Qc2 Nxc3 12. bxc3 Qa5 13. O-O f6 14. Bd3
fxg5 15. Nxg5 Qxc3 16. Qe2 Qe5 17. Qd2 Qf4 18. Rad1 Qxd2 19. Rxd2 Bh6 20. h4
Ba6 21. Re1 Bxg5 22. hxg5 Bxd3 23. Rxd3 Rf7 24. Rb3 Na6 25. Rb7 Nb4 26. Rd1
Rxa2 27. f4 Kg7 28. g4 Ra3 29. f5 gxf5 30. gxf5 Rg3+ 31. Kh2 Rxg5
{White resigns}
0-1

[Event "Team 45 45 League T24"]
[Site "Internet Chess Club"]
[Date "2004.09.24"]
[Round "3"]
[White "Catalog"]
[Black "ratty"]
[Result "0-1"]
[WhiteElo "2148"]
[BlackElo "2153"]
[TimeControl "2700+45"]

1. d4 f5 2. Nc3 d5 3. Bf4 Nf6 4. e3 c6 5. Bd3 e6 6. Nge2 Bd6 7. O-O O-O 8. f3 c5
9. Bxd6 Qxd6 10. b3 a6 11. a4 e5 12. dxe5 Qxe5 13. Qd2 Re8 14. Nf4 Kh8 15. h4
Nc6 16. Rae1 Bd7 17. h5 Re7 18. Kf2 Rae8 19. Rh1 Nb4 20. Re2 Bc6 21. g3 Ng4+ 22.
fxg4 d4 23. Rh4 dxe3+ 24. Kf1 exd2 25. Rxe5 Rxe5 26. Bc4 Re1+ 27. Kf2 Rh1 {White
resigns} 0-1

[Event "Team 45 45 League T24"]
[Site "Internet Chess Club"]
[Date "2004.09.24"]
[Round "3"]
[White "Baffler"]
[Black "EdBorowski"]
[Result "1-0"]
[WhiteElo "2135"]
[BlackElo "2060"]
[TimeControl "2700+45"]

1. e4 c6 2. Nc3 d5 3. d4 dxe4 4. Nxe4 Nd7 5. Ng5 Ngf6 6. Bc4 e6 7. Qe2 Nb6 8.
Bb3 h6 9. N5f3 c5 10. Ne5 cxd4 11. Ngf3 Bd6 12. Bf4 O-O 13. O-O Qc7 14. Nxd4
Nbd5 15. Bg3 a6 16. c4 Ne7 17. c5 Qxc5 18. Rfd1 Bxe5 19. Bxe5 Ned5 20. Rac1 Qe7
21. Qf3 Bd7 22. Re1 Rfc8 23. Rcd1 Bc6 24. Nxc6 Rxc6 25. Qg3 Rd8 26. h3 Qf8 27.
Rd4 Qe7 28. Red1 Rcc8 29. Qd3 Rd7 30. a3 Rcd8 31. Bc2 g6 32. h4 Nb6 33. Bd6 Qe8
34. Qb3 Nc8 35. Be5 Rxd4 36. Rxd4 Rxd4 37. Bxd4 Qe7 38. Qc3 {Black resigns} 1-0

[Event "Team 45 45 League T24"]
[Site "Internet Chess Club"]
[Date "2004.09.24"]
[Round "3"]
[White "Tornon"]
[Black "DTK"]
[Result "1-0"]
[WhiteElo "2044"]
[BlackElo "1959"]
[TimeControl "2700+45"]

1. e4 c5 2. Nf3 d6 3. d4 cxd4 4. Nxd4 Nf6 5. Nc3 g6 6. f3 Bg7 7. Be3 Nc6 8. Qd2
O-O 9. O-O-O Nxd4 10. Bxd4 Be6 11. g4 Qa5 12. Kb1 Rfc8 13. a3 Bc4 14. h4 Rab8
15. h5 b5 16. Na2 Qxd2 17. Rxd2 Bxf1 18. Rxf1 Rb7 19. Nb4 Rc4 20. e5 Ne8 21. b3
Rc8 22. exd6 Nxd6 23. Bxg7 Kxg7 24. Nd5 e6 25. Nf4 Ne8 26. Rfd1 g5 27. Nh3 h6
28. f4 Rc3 29. Rd3 Rxd3 30. Rxd3 gxf4 31. Nxf4 Nf6 32. Rg3 Ne4 33. Rg2 Rd7 34.
Nh3 Kf6 35. Kb2 e5 36. Re2 Ng5 37. Rf2+ Ke6 38. Nxg5+ hxg5 39. Kc3 a5 40. Rd2
Rc7+ 41. Kd3 Rd7+ 42. Ke3 Rxd2 43. Kxd2 f6 44. c4 bxc4 45. bxc4 f5 46. gxf5+
Kxf5 47. c5 g4 48. c6 Ke6 49. h6 g3 50. Ke2 e4 51. h7 g2 52. Kf2 {Black resigns}
1-0

[Event "Team 45 45 League T24"]
[Site "Internet Chess Club"]
[Date "2004.09.26"]
[Round "3"]
[White "jantonio"]
[Black "Smart"]
[Result "0-1"]
[WhiteElo "1587"]
[BlackElo "1538"]
[TimeControl "2700+45"]

1. Nf3 Nf6 2. g3 g6 3. Bg2 Bg7 4. O-O O-O 5. d3 d5 6. Nbd2 Nc6 7. c4 d4 8. Nb3
b6 9. Nfxd4 Nxd4 10. Nxd4 Qxd4 11. Bxa8 h5 12. e3 Qd6 13. Bg2 c5 14. d4 Rd8 15.
d5 Ng4 16. h3 Nh6 17. Rb1 Nf5 18. Bd2 h4 19. g4 Nh6 20. b4 Kh7 21. bxc5 bxc5 22.
Qa4 Nxg4 23. hxg4 Bxg4 24. Qxa7 h3 25. a4 hxg2 26. Kxg2 Rh8 27. Rh1+ Bh5 28. f4
Qf6 29. Qxc5 Qf5 30. Rxh5+ gxh5 31. Rh1 Bf6 32. Qb4 Qg4+ 33. Kf1 Qf3+ 34. Ke1
Qxh1+ 35. Ke2 Qe4 36. Bc3 Qc2+ 37. Bd2 Rg8 38. Kf3 h4 {White resigns} 0-1

[Event "Team 45 45 League T24"]
[Site "Internet Chess Club"]
[Date "2004.09.24"]
[Round "3"]
[White "clarinetref"]
[Black "fibin"]
[Result "1-0"]
[WhiteElo "1514"]
[BlackElo "1400"]
[TimeControl "2700+45"]

1. Nf3 e6 2. c4 d5 3. b3 Nf6 4. g3 Nc6 5. cxd5 Nxd5 6. Bg2 Be7 7. O-O O-O 8. Bb2
Bf6 9. Qc2 Bxb2 10. Qxb2 Nf6 11. Na3 b6 12. Ne5 Nd4 13. Bxa8 Nxe2+ 14. Kh1 Ba6
15. Bg2 Nh5 16. Nac4 Qg5 17. d4 Nef4 18. Qd2 f6 19. Nf3 Qg4 20. Ne3 Qg6 21. Rg1
Nxg2 22. Rxg2 Bb7 23. Qe2 Qe4 24. Nh4 g5 25. Qxh5 gxh4 26. gxh4+ Kh8 27. Qg4 Qc6
28. Qg7# {Black checkmated} 1-0

[Event "Team 45 45 League T24"]
[Site "Internet Chess Club"]
[Date "2004.09.26"]
[Round "3"]
[White "flachtenai"]
[Black "WarHawk"]
[Result "1-0"]
[WhiteElo "1643"]
[BlackElo "1593"]
[TimeControl "2700+45"]

1. d4 d5 2. Nf3 Nc6 3. Bf4 e6 4. e3 Nf6 5. Nbd2 Bd6 6. c3 O-O 7. Bd3 Bxf4 8.
exf4 Ne7 9. Ne5 Ng6 10. Qf3 Nd7 11. Nxg6 fxg6 12. Qe3 Qf6 13. Nf3 Nb6 14. g3 Bd7
15. O-O-O Rac8 16. Ne5 Be8 17. h4 Nd7 18. h5 g5 19. Ng4 Qf7 20. fxg5 Qe7 21. f4
c5 22. Bc2 Rc7 23. Qd3 g6 24. Rde1 c4 25. Nh6+ Kg7 26. Qe2 Rc6 27. hxg6 hxg6 28.
Qh2 {Black resigns} 1-0

[Event "Team 45 45 League T24"]
[Site "Internet Chess Club"]
[Date "2004.09.26"]
[Round "3"]
[White "David-Carioca"]
[Black "klutzer"]
[Result "1-0"]
[WhiteElo "1546"]
[BlackElo "1628"]
[TimeControl "2700+45"]

1. d4 Nc6 2. e4 d5 3. e5 Bf5 4. c3 f6 5. Bb5 Qd7 6. Nf3 e6 7. O-O Nge7 8. Nbd2
O-O-O 9. Nb3 Ng6 10. Na5 a6 11. Nxc6 bxc6 12. Bxa6+ Kb8 13. Qb3+ {Black resigns}
1-0

[Event "Team 45 45 League T24"]
[Site "Internet Chess Club"]
[Date "2004.09.26"]
[Round "3"]
[White "softpawn"]
[Black "f64"]
[Result "0-1"]
[WhiteElo "1587"]
[BlackElo "1519"]
[TimeControl "2700+45"]

1. e4 c5 2. Nf3 d6 3. Bd3 Nc6 4. c3 Bg4 5. Bc2 d5 6. O-O dxe4 7. Bxe4 Nf6 8.
Bxc6+ bxc6 9. d3 e6 10. c4 Bd6 11. h3 Bh5 12. Re1 Rb8 13. Nbd2 O-O 14. Nf1 h6
15. b3 Qc7 16. g4 Bg6 17. Bb2 Nd7 18. d4 Rbd8 19. Qd2 Rfe8 20. Bc3 Qb8 21. Ne5
Nxe5 22. dxe5 Be7 23. Qe3 Rd3 24. Qc1 Rxh3 25. Ng3 Bg5 26. Qd1 Bf4 27. Kg2 Rh4
28. Qf3 Bg5 29. Ne4 Qd8 30. Nxc5 h5 31. Kf1 hxg4 32. Qxc6 Bd3+ 33. Nxd3 Qxd3+
34. Re2 Rd8 35. Bb4 Rh2 36. Re1 Bh4 37. Kg1 Qh3 38. Bc5 g3 39. fxg3 Bxg3 40.
Rxh2 Qxh2+ 41. Kf1 Bxe1 42. Kxe1 Qxe5+ 43. Kf1 Rd1+ 44. Kf2 Qf4+ 45. Ke2 Rd2+
46. Ke1 Rxa2 47. Qa8+ Kh7 48. Qh1+ Kg6 49. Qg1+ Qg5 50. Qxg5+ Kxg5 51. Kf1 Kf4
52. Kg1 Kf3 53. Kh1 e5 54. b4 e4 55. Bg1 e3 56. c5 e2 {White resigns} 0-1

[Event "Team 45 45 League T24"]
[Site "Internet Chess Club"]
[Date "2004.09.26"]
[Round "3"]
[White "bigarrow"]
[Black "Thersites"]
[Result "1-0"]
[WhiteElo "1762"]
[BlackElo "1673"]
[TimeControl "2700+45"]

1. e4 c5 2. Nf3 d6 3. d4 cxd4 4. Nxd4 Nf6 5. Nc3 a6 6. f4 e6 7. Be2 Be7 8. O-O
O-O 9. Be3 Qc7 10. Qd2 Nbd7 11. Rad1 Rd8 12. g4 Nc5 13. Bf3 e5 14. Nf5 b5 15. g5
Ne8 16. Nd5 Qb7 17. Nfxe7+ Kf8 18. fxe5 dxe5 19. Bxc5 {Black resigns} 1-0

[Event "Team 45 45 League T24"]
[Site "Internet Chess Club"]
[Date "2004.09.26"]
[Round "3"]
[White "MrAnderssen"]
[Black "Steinwitz"]
[Result "0-1"]
[WhiteElo "1588"]
[BlackElo "1756"]
[TimeControl "2700+45"]

1. e4 e6 2. d4 d5 3. e5 c5 4. c3 Nc6 5. Nf3 Qb6 6. Be2 cxd4 7. cxd4 Nh6 8. Bxh6
Qxb2 9. Bxg7 Bxg7 10. Nbd2 Nxd4 11. O-O Nxf3+ 12. Nxf3 Qb6 13. Rb1 Qc7 14. Qa4+
Bd7 15. Bb5 b6 16. Bxd7+ Qxd7 17. Qf4 Rc8 18. Qg5 Rg8 19. Qd2 h6 20. Rfc1 Rc4
21. Rxc4 dxc4 22. Qc2 Qc7 23. Qh7 Kf8 24. Qe4 Ke7 25. Qh7 Qc8 26. Qe4 Bh8 27.
Rc1 b5 28. a4 a6 29. axb5 axb5 30. Ra1 Qc7 31. Qh4+ f6 32. exf6+ Bxf6 33. Qxh6
Rh8 {White resigns} 0-1

[Event "Team 45 45 League T24"]
[Site "Internet Chess Club"]
[Date "2004.09.26"]
[Round "3"]
[White "SpeedBlade"]
[Black "dougmo"]
[Result "0-1"]
[WhiteElo "1421"]
[BlackElo "1615"]
[TimeControl "2700+45"]

1. c4 Nf6 2. g3 e5 3. Bg2 Nc6 4. Nc3 Bb4 5. Nd5 Nxd5 6. cxd5 Nd4 7. e3 Nf5 8.
Ne2 O-O 9. O-O d6 10. a3 Bc5 11. b4 Bb6 12. Bb2 Nh6 13. d4 e4 14. Bxe4 Bh3 15.
Re1 a5 16. Nf4 Bg4 17. Bf3 Bxf3 18. Qxf3 Qd7 19. e4 Rae8 20. e5 dxe5 21. Rxe5
Rxe5 22. dxe5 Ng4 23. e6 Bxf2+ 24. Kg2 fxe6 25. dxe6 Qd2 26. Qe2 Qxe2 27. Nxe2
Bb6 28. Bd4 Bxd4 29. Nxd4 axb4 30. axb4 Ne3+ 31. Kg1 Nd5 32. b5 g6 33. Ra7 b6
34. Ra1 Kg7 35. e7 Re8 36. Nc6 Nxe7 37. Re1 Kf8 38. Kf2 Nxc6 39. Rxe8+ Kxe8 40.
bxc6 Ke7 {White resigns} 0-1

[Event "Team 45 45 League T24"]
[Site "Internet Chess Club"]
[Date "2004.09.27"]
[Round "3"]
[White "e4ia"]
[Black "DynamoKyiv"]
[Result "1-0"]
[WhiteElo "1480"]
[BlackElo "1360"]
[TimeControl "2700+45"]

1. d4 f5 2. h3 Nf6 3. g4 fxg4 4. hxg4 Nxg4 5. Qd3 e6 6. Rxh7 Rxh7 7. Qg6+ Ke7 8.
Bg5+ Nf6 9. Qxh7 Qe8 10. e4 Kf7 11. Bxf6 Kxf6 12. e5+ Ke7 13. Qh4+ Kf7 14. Bd3
Nc6 15. Qh5+ Ke7 16. Qg5+ {Black resigns} 1-0

[Event "Team 45 45 League T24"]
[Site "Internet Chess Club"]
[Date "2004.09.26"]
[Round "3"]
[White "NESKAYA"]
[Black "kingfischer57"]
[Result "0-1"]
[WhiteElo "1699"]
[BlackElo "1790"]
[TimeControl "2700+45"]

1. e4 e6 2. d4 d5 3. e5 c5 4. Bb5+ Bd7 5. Bxd7+ Nxd7 6. c3 cxd4 7. cxd4 Ne7 8.
Ne2 Nc6 9. O-O Be7 10. a3 O-O 11. b4 Qb6 12. Bb2 a5 13. Bc3 axb4 14. axb4 Rxa1
15. Bxa1 Bxb4 16. Qa4 Qa6 17. Qxa6 bxa6 18. Bc3 a5 19. Rc1 Nb6 20. Bxb4 Nxb4 21.
Na3 Rc8 22. Rxc8+ Nxc8 23. Nc3 Nc6 24. Nab5 Nb6 25. Kf1 Kf8 26. Ke2 Ke7 27. Kd3
Nc4 28. Na4 Kd7 29. Nc5+ Ke7 30. Na4 Nb4+ 31. Kc3 f6 32. f4 fxe5 33. fxe5 Ne3
34. Nd6 Nxg2 35. Nb7 Nc6 36. Nb6 Ne3 37. Kd3 Nf5 38. Nc8+ Kd7 39. Ncd6 Nxd6 40.
Nxd6 Ne7 41. Nb7 Nc6 42. Kc3 Ke7 43. Kb3 Nxd4+ 44. Ka4 Nf3 45. h3 Nxe5 46. Nxa5
Kf6 {White resigns} 0-1

[Event "Team 45 45 League T24"]
[Site "Internet Chess Club"]
[Date "2004.09.27"]
[Round "3"]
[White "alaskauk"]
[Black "AlPearson"]
[Result "1/2-1/2"]
[WhiteElo "1570"]
[BlackElo "1442"]
[TimeControl "2700+45"]

1. e4 e6 2. d4 d5 3. exd5 exd5 4. Nc3 Nf6 5. Nf3 Be7 6. Be2 O-O 7. O-O c6 8. a3
Nbd7 9. Re1 Re8 10. Bd3 Nf8 11. h3 Bd7 12. Ne2 Qc8 13. Ng3 Ng6 14. Bg5 Bxh3 15.
Bxf6 gxf6 16. gxh3 Qxh3 17. Bf5 Qh6 18. Qd2 Qg7 19. Re2 Bd6 20. Bxg6 Qxg6 21.
Rae1 Rxe2 22. Rxe2 Bxg3 23. fxg3 Kh8 24. Rg2 Qg4 25. Qf2 Rg8 26. Nh2 Qg5 27. c3
Qc1+ 28. Nf1 Rg6 29. Qf3 Qh6 30. Nh2 Qc1+ 31. Nf1 Qh6 32. Rf2 Kg7 33. Rg2 Rg5
34. Rh2 Qg6 35. Rh3 h5 36. Rh2 Rf5 37. Qe2 Qg5 {Game drawn by mutual agreement}
1/2-1/2

[Event "Team 45 45 League T24"]
[Site "Internet Chess Club"]
[Date "2004.09.26"]
[Round "3"]
[White "bmw2002"]
[Black "nanning"]
[Result "1-0"]
[WhiteElo "1574"]
[BlackElo "1445"]
[TimeControl "2700+45"]

1. c4 f5 2. Nc3 Nf6 3. d4 e6 4. Nf3 Be7 5. Bf4 O-O 6. Qc2 d6 7. e3 Bd7 8. Bd3
Nc6 9. a3 Qe8 10. O-O a6 11. h3 Nh5 12. Bh2 Kh8 13. Rad1 Nd8 14. e4 c6 15. exf5
exf5 16. d5 h6 17. Rfe1 Rf6 18. Re2 Qf7 19. dxc6 Nxc6 20. Nd5 Re6 21. Rxe6 Bxe6
22. Nxe7 Nxe7 23. Bxd6 f4 24. Bxe7 Qxe7 25. Bf5 Bxf5 26. Qxf5 g5 27. Rd7 Ng7 28.
Rxe7 Nxf5 29. Rxb7 Nd6 30. Rc7 Rb8 31. Rc6 Nf7 32. b4 Kg7 33. Rxa6 Nd6 {Black
resigns} 1-0

[Event "Team 45 45 League T24"]
[Site "Internet Chess Club"]
[Date "2004.09.26"]
[Round "3"]
[White "EyeAm"]
[Black "Kasparklunk"]
[Result "1/2-1/2"]
[WhiteElo "1247"]
[BlackElo "1460"]
[TimeControl "2700+45"]

1. e4 d5 2. exd5 Qxd5 3. Nc3 Qa5 4. d4 Nf6 5. Nf3 Bg4 6. Bd2 c6 7. Ne4 Qd8 8.
Nxf6+ exf6 9. Be2 Nd7 10. O-O Be7 11. Re1 O-O 12. c4 Re8 13. Bc3 Nb6 14. b3 Nd7
15. Qd3 Nf8 16. h3 Bh5 17. Nh4 Bxe2 18. Rxe2 Rc8 19. Nf5 Ng6 20. Nxe7+ Rxe7 21.
Rxe7 Qxe7 22. Re1 Qd7 23. Qg3 Re8 24. Rxe8+ Qxe8 25. Qe3 Qxe3 26. fxe3 Kf8 27.
Kf2 Ke7 28. g3 Ke6 {Game drawn by mutual agreement} 1/2-1/2

[Event "Team 45 45 League T24"]
[Site "Internet Chess Club"]
[Date "2004.09.28"]
[Round "3"]
[White "ChessyStud"]
[Black "DeepHmmm"]
[Result "1-0"]
[WhiteElo "2133"]
[BlackElo "2211"]
[TimeControl "2700+45"]

1. e4 d6 2. d4 Nf6 3. Nc3 g6 4. Bg5 c6 5. Bxf6 exf6 6. f4 Qb6 7. Rb1 Bg7 8. h3
O-O 9. Nf3 f5 10. e5 dxe5 11. dxe5 Qe3+ 12. Ne2 f6 13. Qd4 Qxd4 14. Nexd4 fxe5
15. fxe5 h6 16. Bc4+ Kh7 17. O-O Re8 18. Rfe1 Na6 19. Bxa6 bxa6 20. Nxc6 Bb7 21.
Ncd4 Be4 22. e6 Rac8 23. Re2 g5 24. g4 fxg4 25. hxg4 Bxf3 26. Nxf3 Rc4 27. c3
Rxg4+ 28. Kh2 Rf4 29. Kg3 Kg6 30. Rd1 h5 31. Rd7 h4+ 32. Kg2 Bf6 33. Ne5+ Kf5
34. Nf7 Re7 35. Nh6+ Kg6 36. Ng8 Re8 37. e7 Bg7 38. Rd8 Kf7 39. b3 g4 40. c4 g3
41. c5 Bf6 42. Nh6+ Kg6 43. Rxe8 Kxh6 44. Rh8+ Bxh8 45. e8=Q Bf6 46. c6 {Black
resigns} 1-0

[Event "Team 45 45 League T24"]
[Site "Internet Chess Club"]
[Date "2004.09.27"]
[Round "3"]
[White "HadshiHalefOmar"]
[Black "godkiller"]
[Result "0-1"]
[WhiteElo "1883"]
[BlackElo "2002"]
[TimeControl "2700+45"]

1. d4 e6 2. Nf3 b6 3. Nc3 Bb7 4. e4 Bb4 5. Bd3 Nf6 6. e5 Ne4 7. Bxe4 Bxe4 8. Bd2
Bb7 9. O-O O-O 10. Re1 c5 11. dxc5 Bxc5 12. Be3 d6 13. Bxc5 dxc5 14. Ne4 Bxe4
15. Rxe4 Nc6 16. Qe2 Qc7 17. Rd1 Rad8 18. c3 Rxd1+ 19. Qxd1 Rd8 20. Qe2 Rd5 21.
g3 h6 22. Kg2 Qd7 23. Rg4 Ne7 24. Re4 Rd1 25. Qc2 Rd5 26. Qe2 Qc6 27. Kg1 Rd8
28. Re3 Qd5 29. c4 Qd7 30. Qc2 Nf5 31. Re2 Nd4 32. Nxd4 Qxd4 33. Kf1 Qd1+ 34.
Qxd1 Rxd1+ 35. Re1 Rd4 36. b3 Rd2 37. Re2 Rxe2 38. Kxe2 f6 39. Ke3 Kf7 40. f4
Kg6 41. Ke4 f5+ 42. Kf3 Kh5 43. h3 g5 44. Ke3 Kg6 45. g4 fxg4 46. hxg4 gxf4+ 47.
Kxf4 h5 48. gxh5+ Kxh5 49. a3 Kh4 50. b4 Kh5 51. Ke3 Kg5 52. Ke4 Kg4 53. a4 cxb4
54. Kd4 Kf5 55. a5 Kf4 56. a6 Kf5 57. c5 bxc5+ 58. Kxc5 b3 59. Kc6 b2 60. Kb7
b1=Q+ 61. Kxa7 Kxe5 62. Ka8 Kf4 63. a7 Qa2 64. Kb8 e5 65. a8=Q Qxa8+ {White
resigns} 0-1

[Event "Team 45 45 League T24"]
[Site "Internet Chess Club"]
[Date "2004.09.28"]
[Round "3"]
[White "Bennie90"]
[Black "tourettes"]
[Result "0-1"]
[WhiteElo "1923"]
[BlackElo "1830"]
[TimeControl "2700+45"]

1. d4 Nf6 2. Bg5 e6 3. e4 Be7 4. Bxf6 Bxf6 5. Bd3 d6 6. Nf3 Nc6 7. c3 e5 8. Bb5
O-O 9. h3 a6 10. Ba4 b5 11. Bc2 Ne7 12. dxe5 dxe5 13. Qe2 Be6 14. g4 Ng6 15.
Nbd2 Nf4 16. Qf1 g6 17. O-O-O Qe7 18. Nb3 Bc4 19. Qe1 Be2 {White resigns} 0-1

[Event "Team 45 45 League T24"]
[Site "Internet Chess Club"]
[Date "2004.09.25"]
[Round "3"]
[White "Zilch"]
[Black "Mika91"]
[Result "1-0"]
[WhiteElo "1816"]
[BlackElo "1872"]
[TimeControl "2700+45"]

1. d4 d6 2. e4 Nf6 3. Nc3 g6 4. f4 Bg7 5. Nf3 c5 6. Bb5+ Bd7 7. e5 Ng4 8. e6
fxe6 9. Ng5 Bxb5 10. Nxb5 Qa5+ 11. c3 Qxb5 12. Qxg4 cxd4 13. Nxe6 Qc4 14. Nxg7+
Kf7 15. Nf5 Qe6+ 16. Ne3 dxe3 17. f5 gxf5 18. O-O e2 19. Rxf5+ Ke8 20. Bd2 Kd7
21. Qf3 Nc6 22. Re1 Qxa2 23. Rxe2 Qxb2 24. Rf7 Ne5 25. Rxe7+ Kxe7 26. Bg5+ Ke8
27. Qh5+ {Black resigns} 1-0

[Event "Team 45 45 League T24"]
[Site "Internet Chess Club"]
[Date "2004.09.26"]
[Round "3"]
[White "Ser-Enigma"]
[Black "bobhill"]
[Result "1/2-1/2"]
[WhiteElo "2033"]
[BlackElo "2013"]
[TimeControl "2700+45"]

1. e4 c5 2. Nf3 d6 3. d4 cxd4 4. Nxd4 Nf6 5. Nc3 g6 6. Be3 Bg7 7. f3 Nc6 8. Qd2
O-O 9. Bc4 Bd7 10. h4 Qa5 11. Bb3 Rfc8 12. O-O-O Ne5 13. Kb1 Nc4 14. Bxc4 Rxc4
15. Nb3 Qc7 16. Bd4 Be6 17. h5 a5 18. hxg6 fxg6 19. a4 Rb4 20. Bxf6 Bxf6 21. Nd5
Bxd5 22. Qxd5+ Kg7 23. Nd4 Bxd4 24. Rxd4 Rc8 25. Rd2 Qc3 26. b3 b5 27. Qg5 Kf8
28. Rxh7 Rxb3+ 29. cxb3 Qxb3+ 30. Rb2 Qd1+ 31. Ka2 Qxa4+ 32. Kb1 Qd1+ 33. Ka2
Qa4+ {Game drawn by mutual agreement} 1/2-1/2

[Event "Team 45 45 League T24"]
[Site "Internet Chess Club"]
[Date "2004.09.24"]
[Round "3"]
[White "BaroneRosso"]
[Black "DTK"]
[Result "1-0"]
[WhiteElo "1928"]
[BlackElo "1941"]
[TimeControl "2700+45"]

1. d4 Nf6 2. c4 c5 3. d5 b5 4. Nf3 g6 5. cxb5 a6 6. b6 Bg7 7. Nc3 d6 8. e4 Qxb6
9. Nd2 Nbd7 10. Be2 O-O 11. Nc4 Qc7 12. Bf4 Nb6 13. Ne3 Bd7 14. a4 Rfb8 15. a5
Nc8 16. Nc4 Bb5 17. Ne3 Bxe2 18. Qxe2 Rb4 19. Nc4 Nd7 20. O-O Ne5 21. Bxe5 Bxe5
22. Nxe5 dxe5 23. Rfb1 Nd6 24. f3 Nc4 25. Na2 Nxa5 26. Nxb4 cxb4 27. Rc1 Qa7+
28. Qf2 Qxf2+ 29. Kxf2 Nb3 30. Ke3 a5 31. Kd3 a4 32. Rcb1 Nxa1 33. Rxa1 b3 34.
Rc1 a3 35. bxa3 Rxa3 36. Rb1 Ra2 37. g4 Rxh2 38. Rxb3 h5 39. gxh5 gxh5 40. Ke3
h4 41. Rb7 Kf8 42. Rb8+ Kg7 43. Rb7 Kf6 44. Rb6+ e6 45. d6 Rg2 46. Rb8 Rg1 47.
Ke2 Rg2+ 48. Ke3 Rg1 49. d7 Rd1 50. d8=Q+ Rxd8 51. Rxd8 Kg7 52. Kf2 Kg6 53. Rg8+
Kh6 54. Rg4 Kh5 55. Kg2 f5 56. Rg8 Kh6 57. Kh3 Kh5 58. Rh8+ Kg5 59. exf5 exf5
60. Rxh4 {Black resigns} 1-0

[Event "Team 45 45 League T24"]
[Site "Internet Chess Club"]
[Date "2004.09.27"]
[Round "3"]
[White "Beetlejuice"]
[Black "Irvin"]
[Result "0-1"]
[WhiteElo "1894"]
[BlackElo "1856"]
[TimeControl "2700+45"]

1. d4 Nf6 2. Nf3 g6 3. Nc3 Bg7 4. e4 d6 5. Be3 O-O 6. Qd2 Re8 7. Bc4 e6 8. O-O-O
d5 9. exd5 exd5 10. Be2 Ng4 11. Rhe1 c6 12. Bd3 Nxe3 13. fxe3 Nd7 14. e4 dxe4
15. Nxe4 Nf6 16. Kb1 Bg4 17. c3 Qd5 18. Qf4 Nxe4 19. Bxe4 Qd7 20. h3 Rxe4 21.
Rxe4 Bf5 22. g4 Bxe4+ 23. Qxe4 Re8 24. Qf4 Re2 25. Rd2 Qe8 26. Rxe2 Qxe2 27. Ng5
Qd1+ 28. Qc1 Qxc1+ 29. Kxc1 Bh6 30. h4 f6 {White resigns} 0-1

[Event "Team 45 45 League T24"]
[Site "Internet Chess Club"]
[Date "2004.09.27"]
[Round "3"]
[White "fledermaus"]
[Black "zota"]
[Result "1/2-1/2"]
[WhiteElo "2030"]
[BlackElo "1861"]
[TimeControl "2700+45"]

1. d4 Nf6 2. c4 e6 3. Nc3 d5 4. Bg5 Be7 5. e3 O-O 6. Nf3 b6 7. Rc1 Bb7 8. Bxf6
Bxf6 9. cxd5 exd5 10. b4 c5 11. bxc5 bxc5 12. dxc5 Qa5 13. Qd2 d4 14. Nxd4 Nc6
15. Nb3 Bxc3 16. Qxc3 Qa4 17. Bd3 Qg4 18. O-O Ne5 19. e4 Nf3+ 20. Kh1 Qh5 21. h3
Ng5 22. Bb1 Nxe4 23. Qe3 Rae8 24. c6 Ng5 25. Qxe8 Rxe8 26. cxb7 Qe2 27. Nd4 Qa6
28. h4 Qxb7 29. hxg5 Qb4 30. Nf3 Qb6 31. Kg1 h6 32. gxh6 Qxh6 33. Rfe1 Rxe1+ 34.
Rxe1 Kf8 35. Ne5 Qd6 36. Kf1 g5 37. Bc2 Qa6+ 38. Bd3 Qxa2 39. Bc4 Qa4 40. Bxf7
Kg7 41. Bd5 a5 42. Bf3 Qb5+ 43. Kg1 a4 44. Ng4 Qb4 45. Rd1 a3 46. Rd7+ Kf8 47.
Nf6 Qb1+ 48. Kh2 Qb8+ 49. g3 Qb2 50. Nh7+ Ke8 51. Bc6 Qxf2+ 52. Kh1 Qf1+ 53. Kh2
Qf2+ 54. Kh1 Qf1+ 55. Kh2 Qf2+ {Game drawn by repetition} 1/2-1/2

[Event "Team 45 45 League T24"]
[Site "Internet Chess Club"]
[Date "2004.09.29"]
[Round "3"]
[White "JSC"]
[Black "TheDwarf"]
[Result "1-0"]
[WhiteElo "1911"]
[BlackElo "1818"]
[TimeControl "2700+45"]

1. e4 e5 2. f4 d5 3. exd5 e4 4. d3 Nf6 5. dxe4 Nxe4 6. Nf3 Bc5 7. Qe2 Qxd5 8.
Nfd2 Bf5 9. Nc3 Qc6 10. Ndxe4 O-O 11. Nxc5 Re8 12. Be3 Bxc2 13. Kf2 Bg6 14. Qb5
b6 15. Qxc6 Nxc6 16. Na6 Re7 17. Nd5 Rd7 18. Bb5 Rd6 19. Bxc6 Rxc6 20. Ne7+
{Black resigns} 1-0

[Event "Team 45 45 League T24"]
[Site "Internet Chess Club"]
[Date "2004.09.26"]
[Round "3"]
[White "Winclick"]
[Black "fernbap"]
[Result "1/2-1/2"]
[WhiteElo "1742"]
[BlackElo "1736"]
[TimeControl "2700+45"]

1. d4 Nf6 2. c4 g6 3. Nc3 d5 4. cxd5 Nxd5 5. Nf3 Bg7 6. g3 Nxc3 7. bxc3 c5 8.
Qa4+ Bd7 9. Qc4 cxd4 10. cxd4 Bc6 11. Bb2 O-O 12. Bg2 Nd7 13. O-O Nb6 14. Qd3 a6
15. Nd2 Na4 16. Ba3 Bxg2 17. Kxg2 Qxd4 18. Qxd4 Bxd4 19. Rab1 b5 20. e3 Bc5 21.
Bxc5 Nxc5 22. Rb4 Rfd8 23. Nf3 Rac8 24. Rc1 Ne6 25. Rxc8 Rxc8 26. a4 Rc4 27.
Rxc4 bxc4 28. Ne5 c3 29. Nd3 c2 30. a5 Nc5 31. Nc1 e5 32. Kf3 e4+ 33. Ke2 Nd3
34. Kd2 Nxf2 35. Kxc2 Ng4 36. h3 Nxe3+ 37. Kc3 Kf8 38. Kd4 Nf1 39. Nb3 e3 40.
Kd3 Nd2 41. Nc5 Ke7 42. Nxa6 Nb3 43. Nb4 Nxa5 44. Nd5+ Ke6 45. Nxe3 Nc6 46. Ke4
f5+ 47. Kf4 h6 48. h4 Ne5 49. Ng2 Nd3+ 50. Ke3 Ne5 51. Kf4 Kf6 52. Ke3 Ng4+ 53.
Kf4 g5+ 54. hxg5+ hxg5+ 55. Kf3 Ke5 56. Ne1 Nf6 57. Nd3+ Kd4 58. Nf2 Ne4 59. Nd1
Nxg3 60. Kxg3 Ke5 61. Nf2 {Game drawn by mutual agreement} 1/2-1/2

[Event "Team 45 45 League T24"]
[Site "Internet Chess Club"]
[Date "2004.09.24"]
[Round "3"]
[White "PauloBarbosa"]
[Black "Whacker"]
[Result "1/2-1/2"]
[WhiteElo "1599"]
[BlackElo "1556"]
[TimeControl "2700+45"]

1. c4 Nf6 2. Nc3 g6 3. g3 Bg7 4. Bg2 O-O 5. e4 d6 6. Nge2 e5 7. O-O Nc6 8. d3
Bg4 9. f3 Be6 10. Bg5 h6 11. Be3 Qd7 12. Nb5 a6 13. Nbc3 Rfb8 14. Qc1 Kh7 15. a3
b5 16. cxb5 axb5 17. b4 Ne7 18. d4 Bc4 19. Rd1 exd4 20. Nxd4 Nc6 21. Qd2 Re8 22.
Ncxb5 Ne5 23. Nc3 Re7 24. f4 Neg4 25. e5 Nxe3 26. Qxe3 Ng4 27. Qd2 Rae8 28. Bc6
Qc8 29. Bxe8 Qxe8 30. exd6 Bxd4+ 31. Qxd4 cxd6 32. Qd2 Be2 33. Re1 Bf3 34. Rxe7
Qxe7 35. Re1 Qa7+ 36. Re3 Qxe3+ 37. Qxe3 Nxe3 38. Kf2 Nd1+ 39. Kxf3 Nxc3 40. Ke3
Kg7 41. Kd3 Na4 42. Kd4 Kf6 43. Kd5 Ke7 44. Kc6 Ke6 45. b5 d5 46. b6 Nxb6 47.
Kxb6 d4 48. a4 d3 49. a5 d2 50. a6 d1=Q 51. a7 Qd4+ 52. Kb7 Qxa7+ 53. Kxa7 Kf5
54. Kb7 Kg4 55. Kc6 Kh3 56. Kd6 Kxh2 57. Ke7 Kxg3 58. Kxf7 Kxf4 59. Kxg6 h5 60.
Kxh5 {Game drawn because neither player has mating material} 1/2-1/2